 Dungeon Crawl Stone Soup version 0.27-a0-1529-g1e82c303ef (webtiles) character file.

Game seed: 9838360326185810706

55 tilp the Caller (level 3, -3/27 HPs)
             Began as a Barachi Summoner on July 12, 2021.
             Killed by divine providence
             ... invoked by an orc priest
              (12 damage)
             ... on level 3 of the Dungeon.
             The game lasted 00:04:47 (3865 turns).

tilp the Caller (Barachi Summoner)                  Turns: 3865, Time: 00:04:47

Health: -3/27      AC:  6    Str: 16    XL:     3   Next: 93%
Magic:  7/7        EV: 11    Int: 15    God:
Gold:   116        SH:  0    Dex: 12    Spells: 2/8 levels left

rFire    . . .     SeeInvis .   a - +1 long sword (vorpal)
rCold    . . .     Faith    .   (no shield)
rNeg     . . .     Spirit   .   b - +0 ring mail
rPois    .         Reflect  .   c - +0 helmet
rElec    .         Harm     .   (no cloak)
rCorr    .         Rampage  .   (no gloves)
Will     .....                  (no boots)
Stlth    +.........             (no amulet)
HPRegen  0.09/turn              f - +6 ring of strength
MPRegen  0.10/turn              (no ring)

@: slow
A: amphibious, slowness 1, strong legs 1, +LOS
a: Hop


You were on level 3 of the Dungeon.
You visited 1 branch of the dungeon, and saw 3 of its levels.

You collected 116 gold pieces.

Inventory:

Hand Weapons
 a - a +1 vorpal long sword (weapon)
 j - a +0 morningstar
Missiles
 h - 16 poisoned darts
Armour
 b - a +0 ring mail (worn)
 c - a +0 helmet (worn)
 d - a +0 robe
Jewellery
 f - a +6 ring of strength (left hand)
 m - a ring of see invisible
Potions
 e - a potion of curing
 g - a potion of brilliance {unknown}
 i - a potion of degeneration {unknown}


   Skills:
 - Level 2.0 Fighting
 - Level 2.1 Dodging
 - Level 1.7 Stealth
 - Level 3.0 Spellcasting
 + Level 5.6 Summonings


You had 2 spell levels left.
You knew the following spells:

 Your Spells              Type           Power      Damage    Failure   Level
a - Summon Small Mammal   Summ           76%        N/A       3%          1
b - Call Imp              Summ           19%        N/A       6%          2
c - Call Canine Familiar  Summ           19%        N/A       12%         3

Your spell library contained the following spells:

 Spells                   Type           Power      Damage    Failure   Level
 Summon Guardian Golem    Hex/Summ       10%        N/A       36%         3
 Summon Lightning Spire   Summ/Air       10%        N/A       77%         4


Dungeon Overview and Level Annotations

Branches:
Dungeon (3/15)

Altars:

Shops:
D:1 [[(=

Annotations:
D:3 Ijyb, Robin


Innate Abilities, Weirdness & Mutations

You are amphibious.
You cover ground slowly.
You can hop short distances.
You have an extended range of vision and can be seen from far away.


Message History

You start resting.
Your crimson imp disappears in a puff of smoke!
Magic restored.
You start resting.
HP restored.
You start waiting.
Done waiting.
Things that are here:
a +0 flail; a +0 ring mail
There is a stone staircase leading down, spattered with blood here.
Things that are here:
a +0 flail; a +0 ring mail
b - a +0 ring mail This spell is quite dangerous to cast!
Memorise Call Canine Familiar, consuming 3 spell levels and leaving 2?
You start memorising the spell.
You continue memorising. x3
You finish memorising.
Spell assigned to 'c'.
You start removing your armour.
You continue taking off your +0 robe. x4
You finish taking off your +0 robe.
You start putting on your armour.
You continue putting on your +0 ring mail. x5
You finish putting on your +0 ring mail.
Unknown command.
Unknown command.
There is a stone staircase leading down, spattered with blood here.
You climb downwards.
Level annotation: Ijyb, Robin The orc hits you but does no damage.
The orc hits you with a +0 whip. Ijyb hits you but does no damage.
The orc hits you with a +0 falchion. The orc barely misses you.
You riposte.
You hit the orc but do no damage. The orc hits you with a +0 mace.
Ijyb hits you but does no damage. The orc misses you.
There is a stone staircase leading up, spattered with blood here.
Unknown command.
The orc hits you with a +0 mace. The orc misses you.
Ijyb hits you with a +0 dagger.
* * * LOW HITPOINT WARNING * * *
The orc priest mumbles some strange prayers to Beogh against you.
Beogh smites you!
You die...

########
####g.......
#.o@........
#..oo.......
#...........
####..o.....
........ #
........ ##
##.##### #.
.# .#


You could see Ijyb, an orc priest and 3 orcs.

Vanquished Creatures
  A dart slug (D:2)
  An orc (D:2)
  2 endoplasms
  5 hobgoblins
  2 jackals (D:2)
  A kobold (D:2)
  3 quokkas
  8 ball pythons
  A bat (D:2)
  2 frilled lizards (D:2)
  2 goblins (D:2)
  2 rats
30 creatures vanquished.

Vanquished Creatures (collateral kills)
  A worm (D:2)
  A dart slug (D:1)
  3 bats (D:1)
  An endoplasm (D:1)
  2 giant cockroaches
  2 ball pythons (D:1)
  A frilled lizard (D:1)
  9 goblins
  2 rats (D:1)
22 creatures vanquished.

Grand Total: 52 creatures vanquished

Notes
Turn   | Place    | Note
-------+----------+-------------------------------------------
     0 | D:1      | tilp the Barachi Summoner began the quest for the Orb.
     0 | D:1      | Reached XP level 1. HP: 13/13 MP: 3/3
   190 | D:1      | Reached skill level 1 in Fighting
   362 | D:1      | Found Quewk's Antique Armour Shoppe.
   508 | D:1      | Reached XP level 2. HP: 22/22 MP: 0/5
   511 | D:1      | Learned a level 2 spell: Call Imp
   860 | D:1      | Found Jubuan's Armour Emporium.
   948 | D:1      | Reached skill level 5 in Summonings
   949 | D:1      | Found Falitric's Antique Weapon Boutique.
  1218 | D:1      | Found Ylaij's Jewellery Boutique.
  2219 | D:2      | Reached XP level 3. HP: 22/27 MP: 3/6
  2459 | D:2      | Found a faded altar of an unknown god.
  3266 | D:3      | Noticed Robin
  3549 | D:3      | Noticed Ijyb
  3852 | D:2      | Learned a level 3 spell: Call Canine Familiar
  3865 | D:3      | Killed from afar by an orc priest

Illustrated notes

Levels and vault maps discovered:
D:1:      dpeg_arrival_short_road, layout_basic, serial_shops, shop,
          nicolae_diamond_shop, nicolae_diamond_shop, shop
D:2:      layout_loops_ring, shapermc_ecumenical_altar_totnotflames,
          kennysheep_generic_room_14
D:3:      layout_rooms, minmay_divided_ellipse, uniq_ijyb, uniq_robin

Skill      XL: |  1  2  3 |
---------------+----------+-----
Fighting       | 1 2 |  2.0
Summonings     | 5 |  5.6
Spellcasting   | 3 |  3.0
Dodging        | |  2.1
Stealth        | |  1.7

Action                   || total
-------------------------++-------
Melee: Unarmed           ||    23
       Dagger            ||    36
       Long sword        ||    54
 Cast: Summon Small Mamm ||    21
       Call Imp          ||    26
 Abil: Hop               ||     1
  Use: Scroll            ||     5
 Stab: Distracted        ||     2
       Sleeping          ||     1
Armor: Robe              ||    38
       Ring mail         ||     3
Dodge: Dodged            ||   104
       Rpst.: Long sword ||    14

Table legend: (Time is in decaauts)
 A = Elapsed time spent in this place.
 B = Non-inter-level travel time spent in this place.
 C = Inter-level travel time spent in this place.
 D = Time resting spent in this place.
 E = Time spent auto-exploring this place.
 F = Levels seen in this place.
 G = Mean time per level.
                   A        B        C        D        E       F      G
               +--------+--------+--------+--------+--------+-----+--------+
         Total |   4228 |   4043 |    185 |    784 |   2745 |   3 | 1409.3 |
       Dungeon |   4228 |   4043 |    185 |    784 |   2745 |   3 | 1409.3 |
               +--------+--------+--------+--------+--------+-----+--------+

Top non-repeatable levels by time:
     D:1: 2203 daAuts
     D:2: 2010 daAuts
     D:3: 15 daAuts
